Cogmind - Beta 17.1 @@@ ROGUE MODE // 2026.09.15 @ 21:47:57 Player: Matt Result: Self-destructed Performance ------------- Evolutions (2) 1000 Regions Visited (5) 1000 Robots Destroyed (17) 85 Value Destroyed (584) 584 Prototype IDs (3) 60 Alien Tech Used (0) 0 Bonus (325) 325 TOTAL SCORE: 3054 Bonus ------- Follower Combat Kills 25 Aligned with FarCom 300 Cogmind --------- Core Integrity 98/550 Matter 289/300 Energy 100/100 System Corruption 0% Temperature Cool (0) Movement Core (700) Ox13 Location -8/Materials Parts ------- > --- POWER (1) -------- (None) > --- PROPULSION (5) --- (None) > --- UTILITY (3) ------ Large Storage Unit Large Storage Unit > --- WEAPON (2) ------- (None) > --- INVENTORY (15) --- Ion Engine Improved Ion Engine Large Storage Unit Large Matter Pod (150) Shield Generator Shield Generator Shield Generator Peak State ------------ > --- POWER ------------ Ion Engine > --- PROPULSION ------- Aluminum Leg Aluminum Leg > --- UTILITY ---------- Small Storage Unit Superbattery > --- WEAPON ----------- Assault Rifle Field Lobotomy Kit > --- INVENTORY -------- Aluminum Leg Aluminum Leg Large Matter Pod Shield Generator Shield Generator Shield Generator Particle Gun Grenade Launcher [Rating: 26] Favorites ----------- Power Ion Engine Engine Ion Engine Power Core Light Nuclear Core Propulsion Aluminum Leg Leg Aluminum Leg Utility Small Storage Unit Device Improved Heat Sink Storage Small Storage Unit Weapon Assault Rifle Energy Gun Particle Gun Ballistic Gun Assault Rifle Launcher Grenade Launcher Special Weapon Field Lobotomy Kit Build | -11 -10 -10 -10 -9 -8 ------- Run | Yrd Mat Min Exi Min Mat Slots Evolved 4 | . . . . . 4 Power . | . . . . . . Propulsion 3 | . . . . . 3 Utility 1 | . . . . . 1 Weapon . | . . . . . . Parts Attached 24 | 7 2 1 4 2 8 Power 4 | 1 . . . 1 2 Engine 3 | 1 . . . 1 1 Core 1 | . . . . . 1 Reactor . | . . . . . . Propulsion 7 | 2 1 1 . . 3 Treads . | . . . . . . Leg 7 | 2 1 1 . . 3 Wheel . | . . . . . . Hover . | . . . . . . Flight . | . . . . . . Utility 5 | 1 1 . 2 . 1 Device 1 | . 1 . . . . Storage 4 | 1 . . 2 . 1 Processor . | . . . . . . Hackware . | . . . . . . Protection . | . . . . . . Artifact . | . . . . . . Weapon 8 | 3 . . 2 1 2 Energy Gun 4 | 1 . . 1 1 1 Energy Cannon . | . . . . . . Ballistic Gun 2 | 2 . . . . . Ballistic Cannon . | . . . . . . Launcher 1 | . . . . . 1 Special Weapon 1 | . . . 1 . . Impact Weapon . | . . . . . . Slashing Weapon . | . . . . . . Piercing Weapon . | . . . . . . Special Melee Weapon . | . . . . . . Unidentified Prototypes 3 | . . . 3 . . Parts Lost 12 | . . . . . 12 Power 2 | . . . . . 2 Propulsion 5 | . . . . . 5 Utility 1 | . . . . . 1 Weapon 4 | . . . . . 4 Highest Loss Streak 12 | . . . . . 12 To Critical Strikes . | . . . . . . Average Backups 9 | 1 6 8 8 13 9 Power . | . . . . 1 2 Propulsion 2 | . 2 2 2 2 . Utility 4 | . 2 4 4 7 5 Weapon 1 | . 1 1 1 2 2 Tool/Special . | . . . . . . Unused Backups 8 | . 1 1 . . 6 Power 1 | . 1 . . . . Propulsion 1 | . . 1 . . . Utility 6 | . . . . . 6 Weapon . | . . . . . . Tool/Special . | . . . . . . Average Slot Usage (%) 95 | . 95 100 92 99 86 Engine 12 | . 14 14 14 14 4 Leg 28 | . 28 28 28 28 35 Device 5 | . 9 14 5 . . Storage 19 | . 14 14 15 28 25 Energy Gun 2 | . . . . 5 11 Ballistic Gun 19 | . 28 28 19 14 3 Special Weapon 4 | . . . 8 8 . Peak Build Rating 26 | 6 10 10 26 19 17 Average Rating 12 | 4 8 10 13 14 14 On Entrance 9 | . 6 10 10 17 11 Avg Prop Armor Cover (%) . | . . . . . . Naked Turns . | . . . . . . Heaviest Build 58 | 14 15 15 40 42 58 Greatest Support 53 | 20 20 20 20 20 53 Greatest Overweight (x) 19 | . . . 1 2 19 Average Overweight (x) . | . . . . 1 1 Largest Inventory Capacity 15 | 8 8 8 15 15 15 Average Capacity 10 | 6 8 8 9 15 15 Most Carried 15 | 2 8 8 11 15 14 Average Carried 9 | 1 6 7 8 13 9 Final Capacity 15 | 8 8 8 15 15 15 Final Carried 15 | 2 8 8 11 15 7 Class Distribution -------------------- 95% | Mutant 4% | Scavenger-Mutant Dominant Class ---------------- Mutant | -10/Materials Mutant | -10/Mines Mutant | -10/Exiles Mutant | -9/Mines Mutant | -8/Materials Resources | -11 -10 -10 -10 -9 -8 ----------- Run | Yrd Mat Min Exi Min Mat Matter Collected 856 | 217 116 269 50 78 126 Remotely . | . . . . . . Salvage Created 696 | . 116 17 . 72 491 Parts 29 | . 7 . . 3 19 Haulers Intercepted . | . . . . . . Recyclers Shooed 3 | . . . . . 3 Parts Field Recycled . | . . . . . . Retrieved Matter . | . . . . . . Parts Self-Destructed . | . . . . . . Prevented . | . . . . . . Parts Restored . | . . . . . . Kills | -11 -10 -10 -10 -9 -8 ------- Run | Yrd Mat Min Exi Min Mat Combat Hostiles Destroyed 13 | . 2 . . 2 9 Guns 9 | . 2 . . 2 5 AOE 4 | . . . . . 4 Classes Destroyed 7 | . 2 . . 1 4 Recycler 2 | . . . . . 2 Watcher 1 | . 1 . . . . Swarmer 2 | . . . . 2 . Grunt 9 | . 2 . . 1 6 Sentry 1 | . . . . . 1 Specialist 1 | . . . . . 1 Heavy 1 | . . . . . 1 Best Kill Streak 5 | . 2 . . 2 5 Combat Bots Only 3 | . 2 . . 2 3 Max Kills in Single Turn 3 | . 1 . . 1 3 Gunslinging . | . . . . . . Exploded 2 | . . . . . 2 Melee . | . . . . . . Uniques/NPCs Destroyed . | . . . . . . Combat | -11 -10 -10 -10 -9 -8 -------- Run | Yrd Mat Min Exi Min Mat Hostile Shots Fired 220 | . 20 13 . 10 177 Missed 85 | . 10 4 . 2 69 Hits 135 | . 10 9 . 8 108 Projectile 135 | . 10 9 . 8 108 AOE 4 | . . 4 . . . Critical Strikes 1 | . . . . . 1 Damage Taken 2016 | . 137 170 . 71 1638 Core 510 | . 26 10 . 22 452 Absorbed by Shields . | . . . . . . Core Remaining (%) 88 | 100 . . . 76 . Volleys Fired 70 | . 15 11 . 16 28 Largest 2 | . 2 2 . 2 2 Hottest 130 | . 40 40 . 85 130 Shots Fired 124 | . 30 22 . 26 46 Gun 112 | . 30 22 . 21 39 Cannon . | . . . . . . Launcher 7 | . . . . . 7 Special 5 | . . . . 5 . Kinetic 77 | . 30 22 . 16 9 Thermal 35 | . . . . 5 30 Explosive 7 | . . . . . 7 Electromagnetic . | . . . . . . Robot Hit Streak 16 | . 7 8 . 10 16 Robot Miss Streak 5 | . 5 2 . 1 2 Penetration Max . | . . . . . . Secondary Targets 1 | . . . . 1 . Max Gunslinging Chain 1 | . . . . 1 . Shots Hit Robots 86 | . 18 16 . 20 32 Core Hits 53 | . 6 3 . 5 39 Critical Kills . | . . . . . . Critical Parts Destroyed 2 | . . 2 . . . Critical Strikes 2 | . . 2 . . . Destroy 2 | . . 2 . . . Melee Attacks . | . . . . . . Impact . | . . . . . . Slashing . | . . . . . . Piercing . | . . . . . . Sneak Attacks . | . . . . . . Combat Hostiles . | . . . . . . Follow-up Attacks . | . . . . . . Damage Inflicted 1848 | . 208 228 . 199 1213 Guns 1046 | . 208 221 . 199 418 Cannons . | . . . . . . Explosions 790 | . . . . . 790 Melee . | . . . . . . Ramming 12 | . . 7 . . 5 Kinetic 634 | . 208 221 . 127 78 Thermal 412 | . . . . 72 340 Explosive 790 | . . . . . 790 Electromagnetic . | . . . . . . Impact . | . . . . . . Slashing . | . . . . . . Piercing . | . . . . . . Highest Corruption . | . . . . . . Average Corruption . | . . . . . . Corruption Purged . | . . . . . . Corruption Blocked . | . . . . . . Overload Shots . | . . . . . . Overflow Damage . | . . . . . . Projectiles . | . . . . . . Explosions . | . . . . . . Melee . | . . . . . . Knockbacks . | . . . . . . Impact . | . . . . . . Kinetic . | . . . . . . Secondary . | . . . . . . Self-Inflicted Damage 10 | . . . . . 10 Shots 2 | . . . . . 2 Rammed . | . . . . . . Targets Rammed 2 | . . 1 . . 1 Kicked 2 | . . 1 . . 1 Crushed . | . . . . . . Highest Temperature 291 | . 2 . . 81 291 Average Temperature 70 | . 2 . . 36 82 Received Heat Transfer 801 | . 78 63 . 12 648 Siege Activations . | . . . . . . Martial Activations . | . . . . . . Shielding Activations . | . . . . . . Robots Disrupted . | . . . . . . Combat Hostiles . | . . . . . . Robots Corrupted . | . . . . . . Combat Hostiles . | . . . . . . Parts Fried . | . . . . . . Impact Corruptions . | . . . . . . Robots Melted . | . . . . . . Combat Hostiles . | . . . . . . Parts Melted . | . . . . . . Heat Transferred 999 | . . . . 185 814 Parts Sabotaged . | . . . . . . Parts Stolen . | . . . . . . Parts Stripped . | . . . . . . Power Chain Reactions . | . . . . . . Alert | -11 -10 -10 -10 -9 -8 ------- Run | Yrd Mat Min Exi Min Mat Maximum Alert Level . | . . . . . . Low Security (%) 100 | 100 100 100 . 100 100 Level 1 . | . . . . . . Level 2 . | . . . . . . Level 3 . | . . . . . . Level 4 . | . . . . . . Level 5 . | . . . . . . High Security . | . . . . . . Max Security . | . . . . . . Peak Influence 125 | . 40 39 . 47 125 Initial 8 | . . . . . 8 Average 11 | . 5 5 . 4 43 Influence Increases 531 | . 57 95 . 76 303 Destroy 0b10 Robot/C 280 | . 40 . . 60 180 Destroy 0b10 Robot/NC 20 | . 5 5 . . 10 Destroy Leader 72 | . 12 . . . 60 Allied During Kill 1 | . . . . 1 . Disable Machine 15 | . . . . . 15 Destroy Structure 38 | . . . . . 38 Lose Combat Pursuer 105 | . . 90 . 15 . Influence Decreases 478 | . 57 65 30 53 273 Entered New Map 45 | . . . 30 . 15 Time Decay 313 | . 57 65 . 53 138 Lost Part 120 | . . . . . 120 Squads Dispatched 6 | . 1 . . . 5 Investigation . | . . . . . . Extermination . | . . . . . . Reinforcement 6 | . 1 . . . 5 Assault . | . . . . . . Garrison . | . . . . . . Intercept . | . . . . . . Searches Triggered . | . . . . . . Construction Impeded 1 | . . . . . 1 Haulers Reinforced . | . . . . . . Active Scanning Responses . | . . . . . . Cargo Convoy Interrupts . | . . . . . . Stealth | -11 -10 -10 -10 -9 -8 --------- Run | Yrd Mat Min Exi Min Mat Distress Signals 3 | . 1 . . . 2 Communications Jammed . | . . . . . . Distress Signals . | . . . . . . Times Spotted 39 | . 7 8 . 5 19 Peak Tracking Total 9 | . 3 2 . 3 9 Tactical Retreats 5 | . . 4 . 1 . Traps | -11 -10 -10 -10 -9 -8 ------- Run | Yrd Mat Min Exi Min Mat Traps Triggered . | . . . . . . Indirectly . | . . . . . . Trap Hack Attempts . | . . . . . . Triggered . | . . . . . . Disarmed . | . . . . . . Reprogrammed . | . . . . . . Reused . | . . . . . . Traps Extracted . | . . . . . . Installed . | . . . . . . Triggered . | . . . . . . Machines | -11 -10 -10 -10 -9 -8 ---------- Run | Yrd Mat Min Exi Min Mat Machines Disabled 1 | . . . . . 1 Max in Single Turn 1 | . . . . . 1 Machines Repaired . | . . . . . . Machines Dismantled . | . . . . . . Machines Sabotaged . | . . . . . . Overloaded Fab Kills . | . . . . . . Hacking | -11 -10 -10 -10 -9 -8 --------- Run | Yrd Mat Min Exi Min Mat Machines Accessed 1 | . . . 1 . . Terminals . | . . . . . . Fabricators . | . . . . . . Repair Stations . | . . . . . . Recycling Units . | . . . . . . Scanalyzers . | . . . . . . Garrison Access . | . . . . . . Total Hacks 1 | . . . 1 . . Successful 1 | . . . 1 . . Failed . | . . . . . . Catastrophic . | . . . . . . Database Lockouts . | . . . . . . Manual 3 | . . . 3 . . Terminals . | . . . . . . Fabricators . | . . . . . . Repair Stations . | . . . . . . Recycling Units . | . . . . . . Scanalyzers . | . . . . . . Garrison Access . | . . . . . . Terminal Hacks 1 | . . . 1 . . Record 1 | . . . 1 . . Fabricator Hacks . | . . . . . . Repair Station Hacks . | . . . . . . Recycling Unit Hacks . | . . . . . . Scanalyzer . | . . . . . . Garrison Access Hacks . | . . . . . . Unauthorized Hacks . | . . . . . . Terminals . | . . . . . . Fabricators . | . . . . . . Repair Stations . | . . . . . . Recycling Units . | . . . . . . Scanalyzers . | . . . . . . Garrison Access . | . . . . . . Data Cores Recovered . | . . . . . . Used . | . . . . . . Hacking Detections . | . . . . . . Full Trace Events . | . . . . . . Feedback Events . | . . . . . . Feedback Blocked . | . . . . . . Robot Schematics Acquired . | . . . . . . Robots Built . | . . . . . . Authchips . | . . . . . . Time . | . . . . . . Total Robot Build Rating . | . . . . . . Part Schematics Acquired . | . . . . . . Parts Built . | . . . . . . Authchips . | . . . . . . Time . | . . . . . . Total Part Build Rating . | . . . . . . Part Studies Acquired . | . . . . . . Parts Repaired . | . . . . . . Time . | . . . . . . Parts Recycled . | . . . . . . Recycled Matter . | . . . . . . Retrieved Matter . | . . . . . . Retrieved Components . | . . . . . . Parts Scanalyzed . | . . . . . . Part Schematics Acquired . | . . . . . . Parts Damaged . | . . . . . . Bothacking | -11 -10 -10 -10 -9 -8 ------------ Run | Yrd Mat Min Exi Min Mat Used RIF Installer . | . . . . . . Robots Hacked . | . . . . . . Non-combat . | . . . . . . Combat . | . . . . . . Robot Hacks Applied . | . . . . . . Relay Couplers Released . | . . . . . . Fabnet Peak Effective % . | . . . . . . Robots Rewired . | . . . . . . Allies Hacked . | . . . . . . Hacks Repelled . | . . . . . . Allies | -11 -10 -10 -10 -9 -8 -------- Run | Yrd Mat Min Exi Min Mat Total Allies 1 | . . . . 1 . Largest Group 1 | . . . . 1 . Highest-Rated Group 16 | . . . . 16 . Highest-Rated Ally 16 | . . . . 16 . Total Orders . | . . . . . . Ally Attacks 1 | . . . . 1 . Total Damage 17 | . . . . 17 . Kills 1 | . . . . 1 . Allies Corrupted . | . . . . . . Allies Melted . | . . . . . . Field Lobotomies 1 | . . . . 1 . Intel | -11 -10 -10 -10 -9 -8 ------- Run | Yrd Mat Min Exi Min Mat Active Infowar (turns) . | . . . . . . Robot Analysis Total . | . . . . . . Derelict Logs Recovered 2 | . . 1 . 1 . Drone Launches . | . . . . . . Drone Recoveries . | . . . . . . Exploration | -11 -10 -10 -10 -9 -8 ------------- Run | Yrd Mat Min Exi Min Mat Turns Passed 2810 | 63 356 619 777 671 324 Spaces Moved 1769 | 48 242 484 605 292 98 Core 14 | 9 . . . . 5 Treads . | . . . . . . Legs 1755 | 39 242 484 605 292 93 Wheels . | . . . . . . Hover . | . . . . . . Flight . | . . . . . . Fastest Speed 50 | 50 120 120 120 190 190 Average Speed 142 | 106 120 120 126 206 226 Slowest Speed 1000 | 120 120 120 190 260 1000 Overloaded Moves . | . . . . . . Propulsion Burnouts . | . . . . . . Robots Hopped . | . . . . . . Potential Cave-ins . | . . . . . . Cave-ins Triggered . | . . . . . . Time Travels 1 | . . . 1 . . Exploration Rate (%) 46 | 3 42 86 92 46 10 Regions Visited 5 Branch Regions 3 Pre-discovered Areas . | . . . . . . Known Exits Taken 1 | . . . 1 . . Unknown Exits Taken 4 | 1 1 1 . 1 . Scrap Searched 1 | . . . . 1 . Spaces Dug . | . . . . . . Terrain Destroyed 38 | . . . . . 38 Melee . | . . . . . . Projectile . | . . . . . . AOE 38 | . . . . . 38 Terrain Rammed . | . . . . . . Walls Destroyed . | . . . . . . Machines Disabled . | . . . . . . Actions | -11 -10 -10 -10 -9 -8 --------- Run | Yrd Mat Min Exi Min Mat Total 1935 | 56 278 501 616 330 154 Wait 38 | . 9 1 . 17 11 Move 1764 | 47 241 483 604 291 98 Hop . | . . . . . . Pick Up 18 | 1 8 1 4 3 1 Fast Attach 11 | 7 1 . 3 . . Attach 11 | . . . 1 1 9 Detach 4 | 1 . . 1 . 2 Swap 5 | . 1 1 . 2 1 Drop 11 | . 3 2 3 . 3 Fire 70 | . 15 11 . 16 28 Melee . | . . . . . . Ram . | . . . . . . Kick 2 | . . 1 . . 1 Crush . | . . . . . . Escape Stasis . | . . . . . . Rewire 1 | . . 1 . . . Trap . | . . . . . . Miscellaneous . | . . . . . . Route ------- -11/Scrapyard -10/Materials -10/Mines (discovered 3 exits: [*Mat x2] / *Exi) -10/Exiles (discovered 2 exits: *Min x2) -9/Mines -8/Materials History --------- Turn | Location | Event 7 | -11/Scrapyard | Discovered new exit (range 16) 64 | -11/Scrapyard | Entered Materials 306 | -10/Materials | Build established: Mutant 400 | -10/Materials | Discovered new exit (range 9) 420 | -10/Materials | Entered Mines 577 | -10/Mines | Assembled infested the area 578 | -10/Mines | YI-UF0 nonchalantly dropped a Grenade Launcher on the ground 632 | -10/Mines | Met 8R-AWN 685 | -10/Mines | Discovered new exit (range 7) 751 | -10/Mines | Discovered new exit (range 10) 1033 | -10/Mines | Discovered new exit (range 5) 1039 | -10/Mines | Entered Exiles 1040 | -10/Exiles | Identified exit to Mines 1121 | -10/Exiles | Welcomed by 8R-AWN 1140 | -10/Exiles | Met EX-HEX 1185 | -10/Exiles | Met EX-BIN 1205 | -10/Exiles | Aligned with FarCom system 1206 | -10/Exiles | Given EX-Vault access code 1295 | -10/Exiles | Opened EX-Vault 1317 | -10/Exiles | Found Prototype Device 1320 | -10/Exiles | Identified Chronowheel 1320 | -10/Exiles | Activated Chronowheel 1320 | -10/Exiles | Spacetime reconverged on an earlier point 1331 | -10/Exiles | Found Prototype Special Weapon 1331 | -10/Exiles | Identified Field Lobotomy Kit 1342 | -10/Exiles | Found Prototype Storage 1342 | -10/Exiles | Identified Superbattery 1366 | -10/Exiles | Warned to stay clear of 0b10 Research branches 1399 | -10/Exiles | Met EX-DEC 1446 | -10/Exiles | Visited The Gauntlet 1816 | -10/Exiles | Left Exiles lab with Field Lobotomy Kit 1816 | -10/Exiles | Entered Mines 1984 | -9/Mines | Found DCF Scrap (12 items) 2177 | -9/Mines | Assimilated G-47 Trooper with FLK Orb 2449 | -9/Mines | Discovered new exit (range 5) 2487 | -9/Mines | Entered Materials 2487 | -8/Materials | Evolved 4 slots: Propulsion x3, Utility x1 2794 | -8/Materials | Core integrity fell below 50% 2811 | -8/Materials | Core integrity fell below 20% 2811 | -8/Materials | Self-destructed Last Messages --------------- 02786_ The unstable cave ceiling collapses. 02786_ U-05 Engineer lays Concrete. 02787_ M-13 Machinist repairs X-57 Shotgunner. 02787_ U-05 Engineer lays Concrete. 02789_ M-13 Machinist repairs G-47 Trooper. 02789_ U-05 Engineer builds a Wall. 02790_ Imp. Ion Engine destroyed. 02793_ U-05 Engineer builds a Wall. 02793_ Particle Gun destroyed. 02793_ Sml. Storage Unit destroyed. 02796_ M-13 Machinist repairs G-47 Trooper. 02797_ R-06 Scavenger collects Beam Rifle. 02797_ U-05 Engineer lays Concrete. 02800_ U-05 Engineer builds a Wall. 02800_ R-06 Scavenger collects Sml. Storage Unit. 02803_ R-06 Scavenger collects Com. Wheel. 02804_ Acquired 4 matter. 02807_ W-25 Informer sends out distress signal. 02810_ K-01 Serf collects debris. Map ----- +----------------------------------------------------+ | ?????????????????????????????????????????????????? | | ?????????????????????????????????????????????????? | | ?????????????????????????????????????????????????? | | ?????????????????????????????????????????????????? | | ?????????????????????????????????????????????????? | | ?????????????????????????????????????????????????? | | ?????????????????????????????????????????????????? | | ????????????????????? ???????????????????????? | | ????????????????????? ???????????????????????? | | ????????????????????? ???????????????????????? | | ????????????????????? ???????????????????????? | | ????????????????????? w ???????????????????????? | | ????????????????""???# #???????????????????????? | | ???????????????? ??# #???????????????????????? | | ??????????????# """??# #???????????????????????? | | ??????????????# """ ?# +???????????????????????? | | ?????????? ???# """ ##w k#???????????????????????? | | ?????????? ## # ###?????????????????????? | | ????????? ## # #?????????????????????? | | ????????? # ## #?????????????????????? | | ???????? [! %g #?????????????????????? | | ???????? =%=% [%= #?????????????????????? | | ???????? =%[ ! g g#?????????????????????? | | ???????? [! xg##?????????????????????? | | ???????? # ###g##?????????????????????? | | ?????????????## #####@##?????????????????????? | | ??????????????#""" ?????#%##?????????????????????? | | ??????????????#"""??????# ##?????????????????????? | | ???????????????""???????# #??????????????????????? | | ??????????????? ????????# #??????????????????????? | | ????????????????????????# #??????????????????????? | | ????????????????????????# #??????????????????????? | | ????????????????????????# #??????????????????????? | | ????????????????????????# #??????????????????????? | | ???????????????????????## ####?????????########### | | ???????????????????????# ########### # | | ???????????????????????# #[ # | | ???????????????????????# #!""" # | | ???????????????????????#[ #% "" # | | ???????????????????????# #######% %+%""" "" # | | ?????????????????????#####+#####???#[ # T" # | | ?????????????????????# #???# # "" # | | ?????????????????????# #???# # # | | ?????????????????????# #???# ########### | | ?????????????????????# #???# # #??? | | ?????????????????????# #???# # "T" #??? | | ?????????????????????# #???# + !#??? | | ?????????????????????#= #???# # ! #??? | | ?????????????????????# #???# # #??? | | ?????????????????????###########???# # #??? | +----------------------------------------------------+ Best States ------------- Heat Dissipation 39 Energy Generation 14 Energy Capacity 265 Matter Stores 300 Matter Capacity 300 Sight Range 16 Terrain Scan Density 10 Evasion (%) 55 Item Schematics ----------------- None Robot Schematics ------------------ None Fabricated ------------ Nothing Repaired ---------- Nothing Studied --------- None Alien Tech Used ----------------- None Achievements -------------- Sixth Sense Spacetime Is Relative Challenges ------------ None Game ------ Seed GaussAblativeGuard Manual? 0 Play Time 00:35:52 Cumulative 6.0 hours Start 2026.09.15 @ 20:34:30 End 2026.09.15 @ 21:47:57 Sessions 1 Manual Loads 0 Difficulty Rogue Special Mode None Game No. 13 Rogue 10 Adventurer 0 Explorer 3 Win Type - Total 0 Types 0/0/0/0/0/0/0/0/0/0 Lore% 2 Gallery% 6 Achievement% 8 Wizard Run 0 Options --------- Layout 1 ASCII 0 Keyboard 1 Movement Vi Keybinds 0 Fullscreen 1 Font 16/SmallcapsGlow Map View 50x35 Zoom Use 0% Tactical HUD 1 Map Filters NONE Filters NONE Steam SD RUN: b87572a6-35cc-4fad-ae0c-51e7a915e1c5